 Dungeon Crawl Stone Soup version 0.30.0-30-g96aa6591b8 (webtiles) character file.

Game seed: 7417250857367195963

4819 ces the Skirmisher (level 10, -12/50 HPs)
             Began as a Spriggan Hunter on June 26, 2023.
             Was an Initiate of Gozag.
             Mangled by a boulder beetle (25 damage)
             ... on level 11 of the Dungeon on June 27, 2023.
             The game lasted 00:36:31 (13201 turns).

ces the Skirmisher (Spriggan Hunter)               Turns: 13201, Time: 00:36:31

Health: -12/50     AC:  2    Str:  7    XL:     10   Next: 24%
Magic:  11/11      EV: 24    Int:  9    God:    Gozag
Gold:   467        SH:  0    Dex: 22    Spells: 9/9 levels left

rFire   + + .        E - +1 arbalest
rCold   x . .        (shield currently unavailable)
rNeg    + . .        c - +0 robe
rPois   +            (helmet restricted)
rElec   .            (no cloak)
rCorr   .            (gloves unavailable)
SInv    +            (boots unavailable)
Will    +++..        f - necklace of Bloodlust {Fury *Rage Will++ Int-3 Slay+6}
Stlth   ++           G - ring "Cuq Gih" {rF+ rN+ EV+5}
HPRegen 0.28/turn    y - ring of fire
MPRegen 0.12/turn

%: random rage (50%)
@: about to teleport, very quick
A: very small, no large weapons, unfitting armour, see invisible, speed 3,
poison resistance, robust 1, MP-powered wands
a: Renounce Religion, Potion Petition, Call Merchant, Bribe Branch


You were on level 11 of the Dungeon.
You worshipped Gozag.
Gozag was aware of your devotion.
You visited 2 branches of the dungeon, and saw 12 of its levels.
You also visited: Sewer and Gauntlet.

You collected 684 gold pieces.
You paid 217 gold pieces to Gozag.

Inventory:

Hand Weapons
 E - a +1 arbalest (weapon)
Missiles
 r - 4 throwing nets
Armour
 c - a +0 robe (worn)
 s - the +3 warlock's mirror {omnireflect}
   (You acquired it on level 5 of the Dungeon)

   Omnireflect: It can block and reflect piercing ranged attacks and magical
   attacks against the wielder's willpower.
Jewellery
 f - the necklace of Bloodlust (around neck) {Fury *Rage Will++ Int-3 Slay+6}
   (You found it on level 3 of the Dungeon)

   [amulet of nothing]

   Fury:      It extends the wearer's berserk rage when killing foes.
   Int:       It affects your intelligence (-3).
   Slay:      It affects your accuracy & damage with ranged weapons and melee
   (+6).
   *Rage:     It berserks you when you make melee attacks (+50% chance).
   Will:      It greatly increases your willpower.
 p - a ring of magical power
 y - a ring of fire (right hand)
 G - the ring "Cuq Gih" (left hand) {rF+ rN+ EV+5}
   (You acquired it in a Gauntlet)

   [ring of evasion]

   EV:        It affects your evasion (+5).
   rF:        It protects you from fire.
   rN:        It protects you from negative energy.
Wands
 u - a wand of digging (6)
 B - a wand of flame (20)
 D - a wand of paralysis (3)
Scrolls
 a - a scroll of teleportation
 b - a scroll of immolation
 d - a scroll of silence
 i - 3 scrolls of poison
 n - a scroll of identify
 q - a scroll of vulnerability
 t - 2 scrolls of magic mapping
 v - a scroll of noise
 w - a scroll of fog
 x - a scroll of enchant weapon
 F - a scroll of amnesia
Potions
 e - 2 potions of invisibility
 g - 10 potions of curing
 h - 3 potions of might {unknown}
 j - 2 potions of resistance
 k - 2 potions of brilliance {unknown}
 l - 2 potions of ambrosia
 m - 2 potions of magic
 o - a potion of lignification {unknown}
 z - a potion of cancellation
 A - a potion of flight
 C - a potion of mutation


   Skills:
 + Level 1.9 Fighting
 + Level 14.8 Ranged Weapons
 + Level 3.7 Dodging
 + Level 1.7 Stealth
 - Level 2.1 Shields
 - Level 0.1 Evocations


You had 9 spell levels left.
You didn't know any spells.
Your spell library contained the following spells:

 Spells                   Type           Power      Damage    Failure   Level
 Necrotise                Necr           0%         1d4       38%         1
 Sting                    Tmut/Pois      0%         1d3       38%         1
 Poisonous Vapours        Pois/Air       0%         N/A       52%         2
 Scorch                   Fire           0%         2d5       52%         2
 Sublimation of Blood     Necr           0%         N/A       52%         2
 Vampiric Draining        Necr           0%         2d6       77%         3
 Animate Armour           Summ/Erth      0%         N/A       99%         4
 Flame Wave               Conj/Fire      0%         2d4       99%         4
 Olgreb's Toxic Radiance  Pois           0%         N/A       99%         4
 Petrify                  Tmut/Erth      0%         N/A       99%         4
 Agony                    Necr           0%         N/A       100%        5
 Blade Hands              Tmut           0%         N/A       100%        5
 Irradiate                Conj/Tmut      0%         3d11      100%        5
 Iron Shot                Conj/Erth      0%         9d1       100%        6
 Summon Cactus Giant      Summ           0%         N/A       100%        6


Dungeon Overview and Level Annotations

Branches:
Dungeon (11/15)            Temple (1/1) D:5            Lair (0/5) D:8
    Orc (0/2) D:11          Sewer (visited)         Gauntlet (visited)

Altars:
Ashenzari
Cheibriados
Dithmenos
Elyvilon
Fedhas
Gozag
Hepliaklqana
Kikubaaqudgha
Makhleb
Nemelex Xobeh
Okawaru
Qazlal
Ru
Sif Muna
Trog
Uskayaw
Vehumet
Wu Jian
Xom
Yredelemnul
Zin
The Shining One

Annotations:
D:3 Grinder
D:9 Harold, Joseph


Innate Abilities, Weirdness & Mutations

You are very small and have problems with some larger weapons.
You are too small for most types of armour.
You have supernaturally acute eyesight. (SInv)
You cover ground extremely quickly. (Speed+++)
Your system is resistant to poisons. (rPois)
You are robust. (+10% HP)
You expend magic power (3 MP) to strengthen your wands.


Message History

Found an encrusted moonstone ring.
Found a gate leading back out of this place.
Found a runed translucent door.
Found a transporter.
Found 3 stones.
There is a gate leading back out of this place here.
Found a glittering steel amulet.
Found a black potion.
The meliai buzzes angrily.
Found two transporters.
Found a glowing leather armour.
Found a scroll labelled QANAARILEPP and a scroll of fear.
Found a runed translucent door.
Found a runed translucent door.
Found a transporter.
Found a crude staff.
Found a transporter.
Found a scroll labelled GORUVA OZXUFIO.
The ufetubus shouts!
The ufetubus shouts!
The rime drake hisses angrily.
The rime drake hisses angrily.
The ufetubus shouts!
There is an empty arch of ancient stone here.
There is a gate leading back out of this place here.
Welcome back to the Dungeon!
The boulder beetle completely misses you.
There is an empty arch of ancient stone, spattered with blood here.
The boulder beetle curls into a ball and begins rolling!
You shoot a bolt. The bolt hits the boulder beetle!
The boulder beetle is lightly wounded.
You shoot a bolt. The bolt hits the boulder beetle!
The boulder beetle is moderately wounded.
The boulder beetle hits you!!!
Ouch! That really hurt!
* * * LOW HITPOINT WARNING * * *
The boulder beetle stops rolling and uncurls.
As you read the scroll of teleportation, it crumbles to dust.
You feel strangely unstable. The boulder beetle bites you!!
Ouch! That really hurt!
You die...
Your body crumbles into a pile of gold.

*,,,#...#,,,#...#.....#..# ***#C#
*####...#####...#.....#..# *,,,,.
................#.....#..#**,,,,,
..######........#.....#'##,,,,,,,
..+,,,,#........#........#,,,8,,,
..*,,,,#........'........#,,,,,,,
..*,,,,#........#........#,,,,,_,
..######........###......#,,,,,,,
................@.#......#,,,8,,,
....°°°°........B.#......#,,,,,,,
...#########....°.#.######,,,,,,,
..°#,,,,,,,#....°.#.#,,,,*,,,,,,,
..B#,,,,,,,#......#.+,,,,**+*****
...#,,,,,,,#....∩.#.#,,,,*,$,**,,
..○#,,,,,,,#......#.#,,,,*$$$**,,
..°######+##....###,*,,,,*$,$**,,
......°°°.......#,,,***********,,


You could see a boulder beetle.

Vanquished Creatures
  A wyvern (D:9)
  A wraith (D:10)
  3 yaks (D:10)
  5 vampire mosquitoes
  A water moccasin (D:8)
  An acid dragon (D:8)
  3 orc warriors
  A sky beast (D:7)
  3 ice beasts (D:6)
  4 ogres
  3 phantoms
  3 kobold brigands
  2 bullfrogs
  A gnoll sergeant (D:7)
  2 scorpions (D:6)
  4 killer bees (D:10)
  A howler monkey (D:6)
  4 hounds
  2 quasits (Sewer)
  2 gnoll boudas
  10 orc priests
  3 jellies
  3 iguanas
  4 orc wizards
  19 gnolls
  8 adders
  3 shadow imps (Sewer)
  2 white imps
  4 ufetubi
  4 worms
  A dart slug (D:3)
  25 orcs
  11 ball pythons
  6 bats
  7 endoplasms
  5 giant cockroaches
  8 goblins
  13 hobgoblins
  5 jackals
  32 kobolds
  6 quokkas
  3 frilled lizards
  2 kobold zombies (Sewer)
  6 rats
237 creatures vanquished.

Vanquished Creatures (others)
  An adder zombie (Sewer)
1 creature vanquished.

Grand Total: 238 creatures vanquished

Notes
Turn   | Place    | Note
-------+----------+-------------------------------------------
     0 | D:1      | ces the Spriggan Hunter began the quest for the Orb.
     0 | D:1      | Reached XP level 1. HP: 10/10 MP: 2/2
   112 | D:1      | Reached XP level 2. HP: 14/14 MP: 3/3
   523 | D:1      | Reached skill level 5 in Ranged Weapons
   542 | D:1      | Reached XP level 3. HP: 18/18 MP: 4/4
  1137 | D:2      | Reached XP level 4. HP: 21/22 MP: 5/5
  1895 | D:3      | Noticed Grinder
  1897 | D:3      | Paralysed by Grinder for 3 turns
  2158 | D:3      | Found a glowing drain.
  2160 | D:3      | Reached skill level 6 in Ranged Weapons
  2169 | Sewer    | Entered a sewer
  2280 | Sewer    | Found a burning altar of Makhleb.
  2319 | Sewer    | Reached XP level 5. HP: 21/25 MP: 6/6
  2410 | Sewer    | Reached skill level 7 in Ranged Weapons
  2533 | Sewer    | Reached XP level 6. HP: 23/30 MP: 7/7
  2669 | Sewer    | Gained mutation: You are partially covered in iridescent
                  | scales. (AC +2) [potion of mutation]
  2669 | Sewer    | Gained mutation: Your movements are slightly less
                  | encumbered by armour. (ER -2) [potion of mutation]
  2670 | Sewer    | Lost mutation: Your movements are slightly less encumbered
                  | by armour. (ER -2) [potion of mutation]
  2670 | Sewer    | Lost mutation: You are partially covered in iridescent
                  | scales. (AC +2) [potion of mutation]
  2670 | Sewer    | Gained mutation: You are weak. (Str -2) [potion of
                  | mutation]
  2670 | Sewer    | Gained mutation: You are partially covered in iridescent
                  | scales. (AC +2) [potion of mutation]
  2671 | Sewer    | Lost mutation: You are weak. (Str -2) [potion of mutation]
  2671 | Sewer    | Lost mutation: You are partially covered in iridescent
                  | scales. (AC +2) [potion of mutation]
  2671 | Sewer    | Gained mutation: You sometimes lose your temper in combat.
                  | [potion of mutation]
  2671 | Sewer    | Gained mutation: You have sharp toenails. [potion of
                  | mutation]
  2671 | Sewer    | Gained mutation: Your system is resistant to poisons.
                  | (rPois) [potion of mutation]
  2741 | D:3      | Found the necklace of Bloodlust {Fury *Rage Will++ Int-3
                  | Slay+6}
  2993 | D:3      | Reached skill level 8 in Ranged Weapons
  3948 | D:3      | Reached XP level 7. HP: 27/33 MP: 8/8
  4070 | D:4      | Reached skill level 9 in Ranged Weapons
  4653 | D:5      | Entered Level 5 of the Dungeon
  4653 | D:5      | Found a staircase to the Ecumenical Temple.
  4781 | Temple   | Entered the Ecumenical Temple
  4781 | Temple   | Found a transporter.
  4781 | Temple   | Found a transporter.
  4783 | Temple   | Found a transporter.
  4783 | Temple   | Found a transporter.
  5063 | D:5      | Reached skill level 10 in Ranged Weapons
  5406 | D:5      | Reached XP level 8. HP: 37/37 MP: 9/9
  5716 | D:6      | Found a shimmering altar of Xom.
  5719 | D:6      | Found a sparkling altar of Nemelex Xobeh.
  5837 | D:6      | Reached skill level 11 in Ranged Weapons
  6411 | D:6      | Lost mutation: You have sharp toenails. [potion of
                  | mutation]
  6411 | D:6      | Lost mutation: You sometimes lose your temper in combat.
                  | [potion of mutation]
  6411 | D:6      | Gained mutation: You are robust. (+10% HP) [potion of
                  | mutation]
  6411 | D:6      | Gained mutation: You expend magic power (3 MP) to
                  | strengthen your wands. [potion of mutation]
  6520 | D:6      | Reached skill level 12 in Ranged Weapons
  6798 | D:7      | Reached XP level 9. HP: 30/45 MP: 10/10
  7371 | D:5      | Identified a scroll of acquirement
  7373 | D:5      | Acquired the +3 warlock's mirror {omnireflect}
  7373 | D:5      | Found the +3 warlock's mirror {omnireflect}
  8114 | D:7      | Found a radiant altar of Vehumet.
  8795 | D:8      | Reached skill level 13 in Ranged Weapons
  9229 | D:8      | Found a staircase to the Lair.
  9624 | D:10     | Entered Level 10 of the Dungeon
  9929 | D:10     | Reached skill level 1 in Shields
 10271 | D:9      | Reached skill level 14 in Ranged Weapons
 10369 | D:9      | Noticed Joseph
 10543 | D:9      | Noticed Harold
 11427 | Temple   | Became a worshipper of Gozag Ym Sagoz the Greedy
 11605 | D:10     | Reached XP level 10. HP: 24/50 MP: 11/11
 12750 | D:11     | Found a gate leading to a gauntlet.
 12797 | D:11     | Noticed a gargoyle
 12826 | D:11     | Found a staircase to the Orcish Mines.
 12828 | D:11     | Noticed a cyclops
 12845 | D:11     | Noticed a manticore
 12883 | D:11     | Noticed a boulder beetle
 12915 | Gauntlet | Entered a Gauntlet
 12915 | Gauntlet | Noticed a sixfirhy
 12915 | Gauntlet | Found a large runed translucent door.
 12915 | Gauntlet | Found a large runed translucent door.
 12915 | Gauntlet | Found a large runed translucent door.
 12915 | Gauntlet | Found a large runed translucent door.
 12915 | Gauntlet | Found a large runed translucent door.
 12915 | Gauntlet | Found a transporter.
 12915 | Gauntlet | Found a large runed translucent door.
 12915 | Gauntlet | Found a large runed translucent door.
 12915 | Gauntlet | Found a large runed translucent door.
 12915 | Gauntlet | Found a runed translucent door.
 12915 | Gauntlet | Found a runed translucent gate.
 12915 | Gauntlet | Found a runed translucent gate.
 12915 | Gauntlet | Found a transporter.
 12915 | Gauntlet | Found a transporter.
 12916 | Gauntlet | Acquired the ring "Cuq Gih" {rF+ rN+ EV+5}
 12923 | Gauntlet | Found a runed translucent door.
 12923 | Gauntlet | Found a runed translucent gate.
 13064 | Gauntlet | Found a large runed translucent door.
 13064 | Gauntlet | Found a large runed translucent door.
 13064 | Gauntlet | Found a large runed translucent door.
 13064 | Gauntlet | Found a large runed translucent door.
 13065 | Gauntlet | Found a large runed translucent door.
 13065 | Gauntlet | Found a large runed translucent door.
 13066 | Gauntlet | Found a large runed translucent door.
 13066 | Gauntlet | Found a large runed translucent door.
 13081 | Gauntlet | Found a transporter.
 13093 | Gauntlet | Found a transporter.
 13094 | Gauntlet | Found a transporter.
 13107 | Gauntlet | Found a transporter.
 13124 | Gauntlet | Found a runed translucent door.
 13128 | Gauntlet | Found a transporter.
 13154 | Gauntlet | Found a transporter.
 13154 | Gauntlet | Found a transporter.
 13156 | Gauntlet | Found a runed translucent door.
 13158 | Gauntlet | Found a runed translucent door.
 13162 | Gauntlet | Found a transporter.
 13165 | Gauntlet | Found a transporter.
 13201 | D:11     | Mangled by a boulder beetle

Illustrated notes

Levels and vault maps discovered:
D:1:      lemuel_arrival_cross, layout_basic
D:2:      kennysheep_six_static_rooms, layout_basic, minmay_gold_behind_fungi,
          wad_orctagon
D:3:      layout_loops_ring, portal_sewer_entry_f, minmay_unequal, uniq_grinder
D:4:      layout_basic, kennysheep_generic_room_6
D:5:      layout_loops_corners, minmay_temple_entry_statues, serial_rivers,
          chequers_serial_rivers_large_b, chequers_serial_rivers_micro_c,
          chequers_serial_rivers_micro_b, chequers_serial_rivers_small_a
D:6:      layout_basic, mainiacjoe_overflow_catwalk_spiral, bh_walls_and_bars
D:7:      layout_cave_pods, mainiacjoe_overflow_brackets, serial_glass,
          glass_columns_a, glass_columns_b, due_unseen_surprise,
          item_on_display_a, minmay_strange_pillars, item_on_display_a
D:8:      layout_basic, lair_entry_dummy
D:9:      layout_cave_pods, special_room [special_room_bee],
          minmay_sticks_and_stones, uniq_harold
D:10:     layout_stronghold
D:11:     layout_irregular_city, minmay_orc_entry_temple_large,
          gauntlet_entry_generic, lightli_elemental_guards
Temple:   hellmonk_temple_divided_pantheon

Skill      XL: |  1  2  3  4  5  6  7  8  9 10 |
---------------+-------------------------------+-----
Ranged Weapons | 5 6 7 8 10 12 14 | 14.8
Shields        | 1 2 |  2.1
Dodging        | 3 |  3.7
Fighting       | |  1.9
Stealth        | |  1.7
Evocations     | |  0.1

Action                     |  1- 3 |  4- 6 |  7- 9 | 10-12 || total
---------------------------+-------+-------+-------+-------++-------
   Fire: Shortbow          |   112 |   248 |   416 |       ||   776
         Arbalest          |       |       |    69 |    35 ||   104
  Evoke: Wand              |       |       |     3 |       ||     3
    Use: Scroll            |       |    11 |    13 |     3 ||    27
         Potion            |       |     5 |     5 |       ||    10
 Armour: Robe              |     1 |    23 |     8 |     1 ||    33
  Dodge: Dodged            |    23 |   170 |   171 |    14 ||   378
